 Dungeon Crawl Stone Soup version 0.29-a0-757-g358383bc75 (webtiles) character file.

Game seed: 18373604178003796200

3602 kae the Destroyer (level 10, -6/50 HPs)
             Began as a Tengu Fire Elementalist on June 30, 2022.
             Was a Believer of Vehumet.
             Mangled by a hornet (10 damage)
             ... on level 9 of the Dungeon.
             The game lasted 00:11:37 (12614 turns).

kae the Destroyer (Tengu Fire Elementalist)        Turns: 12614, Time: 00:11:38

Health: -6/50      AC:  8    Str:  9    XL:     10   Next: 10%
Magic:  15/20      EV: 15    Int: 20    God:    Vehumet [**....]
Gold:   400        SH:  0    Dex: 20    Spells: 4/21 levels left

rFire   . . .      SeeInvis .   f - staff of conjuration {!a}
rCold   + . .      Faith    .   i - orb {guile}
rNeg    . . .      Spirit   .   r - +0 steam dragon scales
rPois   .          Reflect  .   (helmet restricted)
rElec   .          Harm     .   k - +0 cloak
rCorr   .          Rampage  .   j - +1 pair of gloves
Will    .....                   (boots unavailable)
Stlth   ++........              (no amulet)
HPRegen 0.16/turn               D - +6 ring of dexterity
MPRegen 0.17/turn               C - ring of protection from cold

@: lethally poisoned (-6 -> -21), flying quickly and evasively, slowed, very
slow
A: beak, talons 3, nimble flight
a: Renounce Religion


You were on level 9 of the Dungeon.
You worshipped Vehumet.
Vehumet was pleased with you.
You visited 2 branches of the dungeon, and saw 10 of its levels.

You collected 400 gold pieces.


Innate Abilities, Weirdness & Mutations

You have a beak for a mouth.
You have claws for feet.
Your magical nature lets you fly swiftly and evasively.


   Skills:
 - Level 2.1 Dodging
 - Level 2.0 Stealth
 + Level 6.1 Spellcasting
 * Level 11.7 Conjurations
 * Level 10.4 Fire Magic


You had 4 spell levels left.
You knew the following spells:

 Your Spells              Type           Power      Damage    Failure   Level
a - Foxfire               Conj/Fire      100%       2x1d9     1%          1
b - Scorch                Fire           94%        2d10      1%          2
c - Conjure Flame         Conj/Fire      66%        6-21      1%          3
d - Inner Flame           Hex/Fire       26%        N/A       3%          3
e - Flame Wave            Conj/Fire      66%        2d12      1%          4
f - Sticky Flame          Conj/Fire      66%        2d8       1%          4

Your spell library contained the following spells:

 Spells                   Type           Power      Damage    Failure   Level
 Poisonous Vapours        Pois/Air       12%        N/A       16%         2
 Stone Arrow              Conj/Erth      88%        3d12      2%          3
 Ignite Poison            Fire/Tmut/Pois 20%        N/A       8%          3
 Sandblast                Erth           12%        2d6       11%         1
 Summon Small Mammal      Summ           24%        N/A       11%         1
 Passwall                 Tmut/Erth      5%         N/A       16%         2
 Sublimation of Blood     Necr           6%         N/A       16%         2
 Wereblood                Tmut           6%         N/A       16%         2
 Call Canine Familiar     Summ           6%         N/A       30%         3
 Summon Guardian Golem    Hex/Summ       6%         N/A       30%         3
 Summon Lightning Spire   Summ/Air       6%         N/A       71%         4
 Storm Form               Tmut/Air       3%         N/A       100%        7
 Summon Hydra             Summ           3%         N/A       100%        7
 Maxwell's Capacitive Co  Air            3%         ∞         100%        8

Inventory:

Hand Weapons
 R - a +3 short sword of speed
   (You took it off an orc on level 5 of the Dungeon)
Missiles
 e - 54 stones
 u - 11 poisoned darts
 S - 5 boomerangs
Armour
 a - a +0 plate armour
   (You took it off an orc warrior on level 9 of the Dungeon)
 i - an orb of guile (worn)
   (You found it on level 2 of the Dungeon)
 j - a +1 pair of gloves (worn)
   (You found it on level 2 of the Dungeon)
 k - a +0 cloak (worn)
   (You found it on level 2 of the Dungeon)
 o - a +0 scale mail
   (You took it off an orc on level 8 of the Dungeon)
 q - a +0 plate armour
   (You took it off an orc warrior on level 8 of the Dungeon)
 r - +0 steam dragon scales (worn)
   (You found it on level 8 of the Dungeon)
Magical Staves
 f - a staff of conjuration (weapon) {!a}
   (You acquired it on level 7 of the Dungeon)
 l - a staff of air {!a}
   (You found it on level 2 of the Dungeon)
 N - a staff of death {!a}
   (You found it on level 5 of the Dungeon)
 Z - a staff of poison {!a}
   (You took it off an orc wizard on level 7 of the Dungeon)
Jewellery
 c - a ring of ice
   (You found it on level 8 of the Dungeon)
 g - an amulet of regeneration
   (You found it on level 8 of the Dungeon)
 C - a ring of protection from cold (right hand)
   (You found it on level 7 of the Dungeon)
 D - a +6 ring of dexterity (left hand)
   (You found it on level 1 of the Dungeon)
Wands
 p - a wand of flame (21)
   (You took it off an orc on level 7 of the Dungeon)
 x - a wand of light (11)
   (You found it on level 7 of the Dungeon)
 A - a wand of iceblast (18)
   (You took it off an orc on level 4 of the Dungeon)
Scrolls
 h - 2 scrolls of poison {!r}
 m - 2 scrolls of immolation {!r!r}
 s - 7 scrolls of teleportation {@r4}
 t - a scroll of summoning
 v - a scroll of torment {unknown}
 E - 2 scrolls of fog
 L - 4 scrolls of enchant armour
Potions
 b - a potion of magic
 d - a potion of haste {@q3}
 n - 2 potions of flight
 w - a potion of might
 F - 6 potions of curing {unknown}
 K - 2 potions of degeneration {unknown}
 P - 2 potions of mutation {!q}
 W - a potion of lignification {!q}

Dungeon Overview and Level Annotations

Branches:
Dungeon (9/15) Zot: 26557  Temple (1/1) D:5 Zot: 5971    Lair (0/6) D:9
    Orc: D:9-12

Altars:
Ashenzari
Cheibriados
Dithmenos
Elyvilon
Fedhas
Gozag
Hepliaklqana
Kikubaaqudgha
Makhleb
Nemelex Xobeh
Okawaru
Qazlal
Ru
Sif Muna
Trog
Vehumet
Wu Jian
Yredelemnul
Zin
The Shining One

Annotations:
D:4 Edmund
D:6 1 runed translucent door, Crazy Yiuf
Temple 2 transporters

.....# ....########
..........#
#######+#.........#
#.......#..........
#.......#..........
#.......#..........
..
#.......#..@y...... .
..#.......#..##+#####
.#+#.#.......#..#
...#.#.......#..#
...#.......+##..##
......P.PP.......#
..P....P.P.......#
...PP.P...P......#
...P.P.PPP..P.P......


You could see a hornet (combustible).


Message History

An orc warrior is nearby!
An orc warrior is nearby!
Really attack while wielding your staff of conjuration {!a}? [Y]es or [N]o only, please.
Really attack while wielding your staff of conjuration {!a}?
Okay, then.
Casting: Foxfire (safe; 1% risk of failure)
Confirm with . or Enter, or press ? or * to list all spells.
Flames lash the orc warrior but do no damage.
The orc warrior misses you. 😎 MP[-2]
You lost 2 mp, and now have 18/20 mp.
Casting: Scorch (safe; 1% risk of failure)
Confirm with . or Enter, or press ? or * to list all spells.
Flames lash the orc warrior but do no damage.
The orc warrior misses you.
The orc warrior hits you but does no damage. 😎 MP[-2]
You lost 2 mp, and now have 16/20 mp.
Casting: Scorch (safe; 1% risk of failure)
Confirm with . or Enter, or press ? or * to list all spells.
Flames lash the orc warrior.
The orc warrior's fire resistance burns away.
The orc warrior hits you from afar with a +0 halberd!
The orc warrior hits you from afar with a +0 halberd!!
* * * LOW HITPOINT WARNING * * *
😨 HP[-26] MP[-1]
You take 26 damage, and now have 24/50 hp.
MASSIVE DAMAGE!! (PAUSE)
You lost 1 mp, and now have 15/20 mp.
Casting: Scorch (safe; 1% risk of failure)
Confirm with . or Enter, or press ? or * to list all spells.
Flames lash the orc warrior.
The orc warrior is burned terribly!
You kill the orc warrior!
Vehumet accepts your kill. 😨 MP[-2]
You lost 2 mp, and now have 13/20 mp.
a - a +0 plate armour You see here a +0 halberd. 😕 HP[+18] MP[+7]
You regained 18 hp, and now have 42/50 hp.
Your mp is fully restored (20).
There is an open door here.
t - a scroll of summoning
There is an open door here.
v - a scroll labelled YTHRUVVACLO 😎 HP[+8]
Your hp is fully restored (50).
You now have 390 gold pieces (gained 15).
You now have 400 gold pieces (gained 10).
A hornet comes into view.
The hornet buzzes angrily.
A hornet is nearby!
A hornet is nearby!
Casting: Scorch (safe; 1% risk of failure)
Confirm with . or Enter, or press ? or * to list all spells.
You feel a surge of power!
You conjure some foxfire!
The foxfire hits the hornet.
The foxfire hits the hornet but does no damage. 😎 MP[-1]
You lost 1 mp, and now have 19/20 mp.
Casting: Foxfire (safe; 1% risk of failure)
Confirm with . or Enter, or press ? or * to list all spells.
You feel a surge of power!
You conjure some foxfire!
The foxfire hits the hornet but does no damage. x2
The hornet stings you.
You feel yourself slow down. 😕 HP[-1] MP[-1]
You take 1 damage, and now have 49/50 hp.
You lost 1 mp, and now have 18/20 mp.
Casting: Foxfire (safe; 1% risk of failure)
Confirm with . or Enter, or press ? or * to list all spells.
Flames lash the hornet.
The hornet's fire resistance burns away.
You feel yourself speed up. The hornet stings you!
You feel yourself slow down. The hornet barely misses you.
The hornet stings you but does no damage.
You feel yourself speed up. The hornet stings you!
You are poisoned.
You suddenly lose the ability to move!
The hornet stings you.
* * * LOW HITPOINT WARNING * * *
You feel yourself slow down.
You feel very sick.
The hornet is no longer more vulnerable to fire.
The hornet stings you!
* * * LOW HITPOINT WARNING * * *
You are lethally poisoned!
You feel as though you will be slow longer.
You can move again.
Casting: Scorch (safe; 1% risk of failure)
Confirm with . or Enter, or press ? or * to list all spells.
Flames lash the hornet.
The hornet's fire resistance burns away.
* * * LOW HITPOINT WARNING * * *
You feel extremely sick. The hornet stings you!
You die...

Skill      XL: |  1  2  3  4  5  6  7  8  9 10 |
---------------+-------------------------------+-----
Conjurations   | 2 3 5 7 9 11 | 11.7
Fire Magic     | 4 5 6 8 10 | 10.4
Spellcasting   | 3 4 5 6 |  6.1
Dodging        | |  2.1
Stealth        | |  2.0

Action                   |  1- 3 |  4- 6 |  7- 9 | 10-12 || total
-------------------------+-------+-------+-------+-------++-------
Melee: Short sword       |     6 |    12 |       |       ||    18
       Kick              |     1 |     1 |       |       ||     2
       Peck              |       |     2 |       |       ||     2
 Cast: Foxfire           |    59 |   109 |   150 |     9 ||   327
       Scorch            |     4 |    18 |    53 |     9 ||    84
       Conjure Flame     |       |     1 |     8 |       ||     9
       Inner Flame       |       |       |     6 |       ||     6
       Flame Wave        |       |       |     2 |       ||     2
Evoke: Wand              |       |       |     1 |       ||     1
  Use: Potion            |     1 |     1 |     1 |       ||     3
       Scroll            |       |       |    15 |       ||    15
 Stab: Sleeping          |       |     1 |       |       ||     1
Armor: Robe              |     4 |       |       |       ||     4
       Leather armour    |       |    15 |    14 |       ||    29
       Steam dragon scal |       |       |     1 |     2 ||     3
Dodge: Dodged            |    26 |    44 |    35 |     4 ||   109

Levels and vault maps discovered:
D:1:      dpeg_arrival_pits, layout_basic, ebering_ecumenical_altar_box
D:2:      minmay_spotlight, layout_basic
D:3:      layout_loops_ring
D:4:      nicolae_cairo_tiling_very_big, layout_basic, tso_altar, st_stairs_1,
          nrook_uturn, lemuel_another_geyser, uniq_edmund, uniq_duvessa
D:5:      layout_basic, pdpol_wu_jian_five_deadly_venoms, bloody_makhleb,
          minmay_temple_entry_grid
D:6:      layout_basic, mainiacjoe_overflow_24_doors,
          mainiacjoe_overflow_tiny_flanked, uniq_crazy_yiuf_cottage
D:7:      layout_gridville
D:8:      layout_loops_cross, kennysheep_mini_moat, trog_wizard
D:9:      layout_irregular_city, gammafunk_temple_overflow_pools,
          grunt_lair_entry_orc_guard_hut, amcnicky_altar_lugonu_corruption
Temple:   hellmonk_temple_divided_pantheon

Notes
Turn   | Place    | Note
-------+----------+-------------------------------------------
     0 | D:1      | kae the Tengu Fire Elementalist began the quest for the
                  | Orb.
     0 | D:1      | Reached XP level 1. HP: 10/10 MP: 4/4
     0 | D:1      | magus.rc [v1.11.3]
   202 | D:1      | Reached skill level 2 in Conjurations
   202 | D:1      | Reached XP level 2. HP: 13/15 MP: 1/6
   427 | D:1      | HP: 3/15 [jackal (1)]
   595 | D:1      | Found a faded altar of an unknown god.
   603 | D:1      | magus.rc [v1.11.3]
   661 | D:1      | Reached XP level 3. HP: 14/19 MP: 2/7
   662 | D:1      | HP: 4/19 [jackal (2)]
   914 | D:1      | Learned a level 2 spell: Scorch
   918 | D:1      | Learned a level 3 spell: Conjure Flame
  1411 | D:2      | Reached skill level 3 in Conjurations
  1411 | D:2      | Reached skill level 4 in Fire Magic
  1835 | D:2      | Reached XP level 4. HP: 24/24 MP: 4/8
  3574 | D:3      | Gained mutation: Your magical nature lets you fly swiftly
                  | and evasively. [Tengu growth]
  3574 | D:3      | Reached XP level 5. HP: 28/28 MP: 6/10
  3713 | D:4      | Learned a level 3 spell: Inner Flame
  3754 | D:4      | Reached skill level 4 in Conjurations
  4225 | D:4      | You pick up a book of Callings and begin reading...
  4225 | D:4      | You add the spells Summon Small Mammal, Call Canine
                  | Familiar and Summon Guardian Golem to your library.
  4447 | D:4      | Reached skill level 5 in Fire Magic
  4459 | D:4      | Reached skill level 3 in Spellcasting
  4460 | D:4      | Reached skill level 5 in Conjurations
  4460 | D:4      | Reached XP level 6. HP: 11/32 MP: 6/11
  4461 | D:4      | HP: 8/32 [poisoned by an orc wizard]
  4467 | D:4      | HP: 6/32 [adder (1)]
  4968 | D:4      | Noticed Edmund
  5034 | D:4      | Noticed Dowan
  5040 | D:4      | Noticed Duvessa
  5049 | D:4      | Killed Dowan
  5054 | D:4      | Killed Duvessa
  5406 | D:4      | You pick up a book of Blood and begin reading...
  5406 | D:4      | You add the spells Sublimation of Blood, Wereblood and
                  | Summon Hydra to your library.
  5521 | D:4      | Found a glowing golden altar of the Shining One.
  5802 | D:4      | Reached XP level 7. HP: 35/36 MP: 5/13
  6004 | D:5      | Entered Level 5 of the Dungeon
  6029 | D:5      | Reached skill level 6 in Conjurations
  6029 | D:5      | Reached skill level 6 in Fire Magic
  6108 | D:5      | Found an ornate altar of the Wu Jian Council.
  6435 | D:5      | Found a staircase to the Ecumenical Temple.
  6451 | D:5      | You pick up a book of Geomancy and begin reading...
  6451 | D:5      | You add the spells Sandblast, Passwall and Stone Arrow to
                  | your library.
  6645 | D:5      | Found a burning altar of Makhleb.
  6746 | Temple   | Entered the Ecumenical Temple
  6746 | Temple   | Found a transporter.
  6746 | Temple   | Found a transporter.
  6748 | Temple   | Found a transporter.
  6748 | Temple   | Found a transporter.
  6765 | Temple   | Became a worshipper of Vehumet
  7049 | D:5      | Reached skill level 7 in Conjurations
  7160 | D:5      | Reached skill level 4 in Spellcasting
  7541 | D:6      | Reached XP level 8. HP: 32/41 MP: 10/15
  7641 | D:6      | Reached skill level 7 in Fire Magic
  7678 | D:6      | Found a runed translucent door.
  7679 | D:6      | Noticed Crazy Yiuf
  7821 | D:6      | Found a basalt altar of Yredelemnul.
  8447 | D:6      | HP: 8/41 [iguana (9)]
  8723 | D:6      | Found a blossoming altar of Fedhas.
  8728 | D:6      | Reached skill level 8 in Conjurations
  9197 | D:7      | Learned a level 4 spell: Flame Wave
  9222 | D:7      | Identified a scroll of acquirement
  9222 | D:7      | Acquired a staff of conjuration
  9295 | D:7      | HP: 10/41 [sky beast (5)]
  9297 | D:7      | Reached skill level 9 in Conjurations
  9297 | D:7      | Reached skill level 8 in Fire Magic
  9676 | D:7      | Reached * piety under Vehumet
  9676 | D:7      | Offered knowledge of Freeze by Vehumet.
  9677 | D:7      | Reached XP level 9. HP: 45/45 MP: 12/17
  9850 | D:7      | Reached skill level 5 in Spellcasting
 10043 | D:7      | You add the spells Ignite Poison and Sticky Flame to your
                  | library.
 10333 | D:7      | HP: 8/45 [orc warrior/+0 scimitar (8)]
 10664 | D:7      | Reached skill level 10 in Conjurations
 10664 | D:7      | Reached skill level 9 in Fire Magic
 10880 | D:7      | Learned a level 4 spell: Sticky Flame
 11130 | D:8      | You pick up a book of the Sky and begin reading...
 11130 | D:8      | You add the spells Summon Lightning Spire, Storm Form and
                  | Maxwell's Capacitive Coupling to your library.
 11685 | D:8      | Reached skill level 11 in Conjurations
 11753 | D:8      | Reached ** piety under Vehumet
 11961 | D:8      | Found a sacrificial altar of Ru.
 12048 | D:8      | Found a bloodstained altar of Trog.
 12057 | D:8      | Noticed a wizard
 12061 | D:8      | Killed a wizard
 12189 | D:9      | Reached skill level 10 in Fire Magic
 12201 | D:9      | Reached XP level 10. HP: 50/50 MP: 10/19
 12284 | D:9      | Offered knowledge of Poisonous Vapours by Vehumet.
 12285 | D:9      | Reached skill level 6 in Spellcasting
 12399 | D:9      | Found a staircase to the Lair.
 12612 | D:9      | Paralysed by a hornet for 2 turns
 12613 | D:9      | HP: 11/50 [hornet (7)]
 12614 | D:9      | HP: 4/50 [poisoned by a hornet]
 12614 | D:9      | Mangled by a hornet

Vanquished Creatures
  A wraith (D:9)
  A steam dragon (D:8)
  2 vampire mosquitoes (D:8)
  Duvessa (D:4)
  3 orc warriors
  3 sky beasts
  4 ice beasts
  2 ogres
  2 black bears
  A kobold brigand (D:8)
  5 bullfrogs
  A gnoll sergeant (D:7)
  6 wights
  Dowan (D:4)
  A howler monkey (D:6)
  2 jellies
  5 hounds
  6 orc priests
  An iguana (D:6)
  8 orc wizards
  3 gnolls (D:7)
  8 adders
  2 white imps
  A worm (D:3)
  2 dart slugs
  37 orcs
  3 bats
  9 endoplasms
  6 giant cockroaches
  11 goblins
  9 hobgoblins
  8 jackals (D:1)
  16 kobolds
  5 quokkas
  8 ball pythons
  A frilled lizard (D:3)
  4 rats
189 creatures vanquished.

Vanquished Creatures (collateral kills)
  A foxfire (D:9)
1 creature vanquished.

Vanquished Creatures (others)
  A wizard (D:8)
  2 orc wizards
  532 foxfires
  2 fungi (D:9)
  4 plants
541 creatures vanquished.

Grand Total: 731 creatures vanquished

Table legend:
 A = Non-vault XP
 B = Vault XP
 C = Vault XP percentage of total XP
 D = Non-vault monster count
 E = Vault monster count
 F = Vault count percentage of total count
                 A         B        C        D         E       F
            +---------+---------+-------+---------+---------+-------
      Total |    4405 |     741 |  14.4 |     178 |      12 |   6.3
            +---------+---------+-------+---------+---------+-------
        D:1 |      46 |       0 |   0.0 |      25 |       0 |   0.0
        D:2 |      43 |      16 |  27.1 |      17 |       2 |  10.5
        D:3 |      66 |       0 |   0.0 |      25 |       0 |   0.0
        D:4 |     252 |     214 |  45.9 |      23 |       5 |  17.9
        D:5 |     603 |       0 |   0.0 |      18 |       0 |   0.0
        D:6 |     817 |       0 |   0.0 |      22 |       0 |   0.0
        D:7 |    1161 |       0 |   0.0 |      29 |       0 |   0.0
        D:8 |    1203 |       0 |   0.0 |      18 |       0 |   0.0
        D:9 |     214 |     511 |  70.5 |       1 |       5 |  83.3
            +---------+---------+-------+---------+---------+-------

Illustrated notes

Table legend:
 A = Kills in this place as a percentage of kills in entire the game.
 B = Kills by you in this place as a percentage of kills by you in the entire game.
 C = Kills by friends in this place as a percentage of kills by friends in the entire game.
 D = Other kills in this place as a percentage of other kills in the entire game.
 E = Experience gained in this place as a percentage of experience gained in the entire game.
 F = Experience gained in this place divided by the number of levels of this place that you have seen.
                   A       B       C       D       E      F
               +-------+-------+-------+-------+-------+----------------------
         Total | 100.0 | 100.0 |   N/A | 100.0 | 100.0 | 514.6
       Dungeon | 100.0 | 100.0 |   N/A | 100.0 | 100.0 | 571.8
               +-------+-------+-------+-------+-------+----------------------

Table legend: (Time is in decaauts)
 A = Elapsed time spent in this place.
 B = Non-inter-level travel time spent in this place.
 C = Inter-level travel time spent in this place.
 D = Time resting spent in this place.
 E = Time spent auto-exploring this place.
 F = Levels seen in this place.
 G = Mean time per level.
                   A        B        C        D        E       F      G
               +--------+--------+--------+--------+--------+-----+--------+
         Total |  12201 |  11891 |    310 |   1261 |   8977 |  10 | 1220.1 |
       Dungeon |  12172 |  11869 |    303 |   1261 |   8971 |   9 | 1352.4 |
        Temple |     28 |     21 |      7 |      0 |      5 |   1 |   28.0 |
               +--------+--------+--------+--------+--------+-----+--------+

Top non-repeatable levels by time:
     D:4: 2018 daAuts
     D:5: 1695 daAuts
     D:7: 1553 daAuts
     D:6: 1391 daAuts
     D:3: 1350 daAuts
     D:2: 1279 daAuts
     D:1: 1251 daAuts
     D:8: 1191 daAuts
     D:9: 441 daAuts
  Temple: 28 daAuts
